 Dungeon Crawl Stone Soup version 0.27.0-66-gdc8fb28755 (webtiles) character file.

Game seed: 18378066209748462926

528 Malachi the Chopper (level 7, -5/78 HPs)
             Began as a Demonspawn Berserker on Aug 20, 2021.
             Was a Priest of Trog.
             Slain by an ogre (20 damage)
             ... on level 4 of the Dungeon.
             The game lasted 00:04:59 (4301 turns).

Malachi the Chopper (Demonspawn Berserker)          Turns: 4301, Time: 00:04:59

Health: -5/78      AC: 16    Str: 19    XL:     7   Next: 3%
Magic:  0/7        EV:  6    Int:  9    God:    Trog [***...]
Gold:   163        SH:  0    Dex: 12    Spells: 6/6 levels left

rFire    . . .     SeeInvis .   a - +0 hand axe
rCold    . . .     Faith    .   (no shield)
rNeg     . . .     Spirit   +   e - +0 plate armour
rPois    +         Reflect  .   c - +1 helmet
rElec    .         Harm     .   (no cloak)
rCorr    .         Rampage  .   (no gloves)
Will     .....                  g - +1 pair of boots
Stlth    ..........             (no amulet)
HPRegen  0.23/turn              j - ring of poison resistance
MPRegen  0.20/turn              (no ring)

@: berserking, very quick
A: talons 2, magic shield, magic regeneration, sharp scales 1
a: Renounce Religion, Berserk, Trog's Hand


You were on level 4 of the Dungeon.
You worshipped Trog.
Trog was most pleased with you.
You visited 1 branch of the dungeon, and saw 4 of its levels.

You collected 163 gold pieces.

Inventory:

Hand Weapons
 a - a +0 hand axe (weapon)
 f - a +4 rapier
Armour
 c - a +1 helmet (worn)
 e - a +0 plate armour (worn)
 g - a +1 pair of boots (worn)
Jewellery
 j - a ring of poison resistance (left hand)
Scrolls
 h - a scroll of blinking
 i - a scroll of enchant armour
Potions
 b - 2 potions of degeneration
 k - a potion of berserk rage


   Skills:
 - Level 3.4 Fighting
 * Level 7.1 Axes
 - Level 1.9 Armour
 - Level 1.9 Dodging


You had 6 spell levels left.
You didn't know any spells.
Your spell library was empty.

Dungeon Overview and Level Annotations

Branches:
Dungeon (4/15)
 Temple: D:4-7

Altars:
Elyvilon


Innate Abilities, Weirdness & Mutations

You have razor-sharp toenails.
When hurt, damage is shared between your health and your magic reserves.
You regenerate magic rapidly.
You are partially covered in razor-sharp scales. (AC +1, Slay +1)


Message History

An ogre is nearby!
An ogre is nearby!
You hit the ogre.
The ogre is lightly wounded.
The ogre closely misses you.
You hit the ogre.
The ogre is lightly wounded.
Your plate armour prevents you from hitting the ogre.
The ogre is lightly wounded.
The ogre hits you with a +0 giant club.
You closely miss the ogre.
The ogre is lightly wounded.
The ogre hits you with a +0 giant club!
Your plate armour prevents you from hitting the ogre.
The ogre is lightly wounded.
The ogre hits you with a +0 giant club!
You are too injured to fight recklessly!
You are too injured to fight recklessly!
You are too injured to fight recklessly!
You aren't carrying any items that you can evoke.
You aren't carrying any items that you can evoke.
It was a potion of cancellation.
You feel magically purged.
You hit the ogre.
The ogre is moderately wounded.
The ogre hits you with a +0 giant club!
You barely miss the ogre.
The ogre is moderately wounded.
The ogre hits you with a +0 giant club!
* * * LOW HITPOINT WARNING * * *
You recover from your berserk rage.
A red film seems to cover your vision as you go berserk!
You feel yourself moving faster!
You feel mighty! The ogre hits you with a +0 giant club.
* * * LOW HITPOINT WARNING * * *
You hit the ogre.
The ogre is heavily wounded.
Your plate armour prevents you from hitting the ogre.
The ogre is heavily wounded.
The ogre hits you with a +0 giant club!!
You die...

.8.P.##...+
##.'..#...#
.8...###.## ###
##########
....P....#
#.##########....
######..##
#...........>#..
#.##
#.##########.#.#
#.# ## #.# #.#.#
#... .. #.#
#.#.#
......#.#####.#
#.#.#
.####......@..#
#.#.# #.
#.....O####
#.#.# #.
#.....## #.#.#
#..... #.#.#
#..... #.#.#
#..#### #.#.#
#.# #.#.# ..
#.#.# #.#.#


You could see an ogre.

Vanquished Creatures
  A water moccasin skeleton (D:4)
  2 bullfrog zombies (D:4)
  A bullfrog skeleton (D:4)
  2 iguanas (D:4)
  Natasha (thrice) (D:2)
  A scorpion zombie (D:4)
  Terence (D:2)
  An orc wizard (D:3)
  2 hound zombies (D:4)
  A hound skeleton (D:4)
  3 adders
  4 adder zombies (D:4)
  3 adder skeletons (D:4)
  2 dart slugs
  5 orcs (D:3)
  12 bats
  2 endoplasms
  A giant cockroach (D:1)
  5 goblins
  3 hobgoblins
  5 jackals
  6 quokkas
  2 ball pythons (D:1)
  6 frilled lizards
  A jackal skeleton (D:4)
  A jackal zombie (D:4)
  7 kobolds
  2 quokka skeletons (D:4)
  7 rats
92 creatures vanquished.

Vanquished Creatures (others)
  A withered plant (D:4)
1 creature vanquished.

Grand Total: 93 creatures vanquished

Notes
Turn   | Place    | Note
-------+----------+-------------------------------------------
     0 | D:1      | Malachi the Demonspawn Berserker began the quest for the
                  | Orb.
     0 | D:1      | Reached XP level 1. HP: 18/18 MP: 1/1
    24 | D:1      | Gained mutation: You have sharp toenails. [demonic
                  | ancestry]
    24 | D:1      | Reached XP level 2. HP: 22/24 MP: 2/2
    28 | D:1      | Reached skill level 3 in Axes
   948 | D:1      | Gained mutation: You have razor-sharp toenails. [demonic
                  | ancestry]
   948 | D:1      | Reached XP level 3. HP: 27/29 MP: 3/3
  1499 | D:2      | Reached ** piety under Trog
  1640 | D:2      | Found a faded altar of an unknown god.
  1742 | D:2      | Noticed Terence
  1750 | D:2      | Killed Terence
  1751 | D:2      | Reached skill level 4 in Axes
  1751 | D:2      | Gained mutation: You are partially covered in razor-sharp
                  | scales. (AC +1, Slay +1) [demonic ancestry]
  1751 | D:2      | Reached XP level 4. HP: 30/35 MP: 4/4
  1896 | D:2      | Noticed Natasha
  1900 | D:2      | Killed Natasha
  2089 | D:2      | Noticed Natasha
  2094 | D:2      | Killed Natasha
  2203 | D:2      | Noticed Natasha
  2209 | D:2      | Killed Natasha
  2210 | D:2      | Reached skill level 5 in Axes
  2210 | D:2      | Gained mutation: You regenerate magic rapidly. [demonic
                  | ancestry]
  2210 | D:2      | Reached XP level 5. HP: 41/41 MP: 5/5
  3525 | D:4      | Reached skill level 6 in Axes
  3525 | D:4      | Reached XP level 6. HP: 21/47 MP: 6/6
  3840 | D:4      | Reached *** piety under Trog
  4142 | D:4      | Reached skill level 7 in Axes
  4254 | D:4      | Gained mutation: When hurt, damage is shared between your
                  | health and your magic reserves. [demonic ancestry]
  4254 | D:4      | Reached XP level 7. HP: 52/52 MP: 7/7
  4301 | D:4      | Slain by an ogre

Illustrated notes

Levels and vault maps discovered:
D:1:      tarquinn_simple_flora_water_a, layout_rooms, minivault_25,
          minmay_misc_feat_pillars, chequers_decorated_corner,
          patterned_corridor
D:2:      layout_rooms, dreamdust_ecumenical_altar_statues, minmay_surrounded,
          uniq_natasha, uniq_terence
D:3:      layout_rooms, nicolae_elyvilon_peaceful_grove, serial_curves,
          eino_curves_03, eino_curves_02
D:4:      minmay_razor_zed, layout_basic, minmay_temple_entry_glassed_door,
          enter_ossuary_1, serial_undead, serial_undead_c, serial_undead_e,
          serial_undead_e, serial_undead_f, serial_undead_c, serial_undead_a,
          serial_undead_a

Skill      XL: |  1  2  3  4  5  6 |
---------------+-------------------+-----
Axes           | 3 4 5 6 7 |  7.1
Fighting       | |  3.4
Armour         | |  1.9
Dodging        | |  1.9

Action                   |  1- 3 |  4- 6 |  7- 9 || total
-------------------------+-------+-------+-------++-------
Melee: Hand axe          |   111 |   158 |    11 ||   280
       Kick              |    13 |       |       ||    13
Invok: Berserk           |     3 |     7 |     1 ||    11
  Use: Scroll            |     1 |     4 |       ||     5
       Potion            |       |     4 |     1 ||     5
Armor: Animal skin       |    10 |       |       ||    10
       Plate armour      |    69 |   134 |       ||   203
Dodge: Dodged            |    62 |    52 |     2 ||   116
